 Dungeon Crawl Stone Soup version 0.30-b1-2-g02819fbbbe (webtiles) character file.

Game seed: 13101171875070175607

183835 Maffolandro the Markshuman (level 18, 0/151 HPs)
             Began as a Human Wanderer on Dec 20, 2023.
             Was the Champion of Makhleb.
             Slain by a sea snake (12 damage)
             ... on level 4 of the Shoals on Dec 21, 2023.
             The game lasted 03:05:22 (36124 turns).

Maffolandro the Markshuman (Human Wanderer)        Turns: 36124, Time: 03:05:23

Health: 0/151      AC: 11    Str:  7    XL:     18   Next: 63%
Magic:  24/24      EV: 19    Int: 22    God:    Makhleb [******]
Gold:   2287       SH: 18    Dex: 21    Spells: 17/25 levels left

rFire   . . .        b - +4 hand crossbow (flame)
rCold   . . .        A - +5 kite shield {reflect}
rNeg    . . .        O - +2 robe {Will+}
rPois   .            h - +1 helmet
rElec   +            K - +0 cloak
rCorr   .            T - +0 pair of gloves
SInv    .            S - +2 pair of boots
Will    ++...        e - amulet of regeneration
Stlth   ++++         w - ring of Umupsiann {rElec Str-4 Int+2 Dex+6 Slay+3}
HPRegen 1.25/turn    W - ring of flight
MPRegen 0.19/turn

%: reflection
@: flying
A: no striking features
}: 1/15 runes: barnacled
a: Renounce Religion, Minor Destruction, Lesser Servant of Makhleb, Major
Destruction, Greater Servant of Makhleb


You were on level 4 of the Shoals.
You worshipped Makhleb.
Makhleb was exalted by your worship.
You visited 6 branches of the dungeon, and saw 29 of its levels.
You also visited: Sewer, Ossuary and Ice Cave.

You collected 2986 gold pieces.
You spent 699 gold pieces at shops.

Inventory:

Hand Weapons
 a - a +2 dagger of venom
 b - a +4 hand crossbow of flaming (weapon)
 d - the +5 short sword of Fury {holy, rC+ Int+3}
   (You took it off an orc on level 12 of the Dungeon)

   Int:       It affects your intelligence (+3).
   rC:        It protects you from cold.
Missiles
 n - 2 curare-tipped darts
Armour
 h - a +1 helmet (worn)
 A - a +5 kite shield of reflection (worn)
 K - a +0 cloak (worn)
 O - a +2 robe of willpower (worn)
 S - a +2 pair of boots (worn)
 T - a +0 pair of gloves (worn)
Jewellery
 e - an amulet of regeneration (around neck)
 i - a ring of see invisible
 r - a ring of positive energy
 w - the ring of Umupsiann (left hand) {rElec Str-4 Int+2 Dex+6 Slay+3}
   (You found it on level 3 of the Dungeon)

   [ring of dexterity]

   Str:       It affects your strength (-4).
   Int:       It affects your intelligence (+2).
   Dex:       It affects your dexterity (+6).
   Slay:      It affects your accuracy & damage with ranged weapons and melee
   (+3).
   rElec:     It insulates you from electricity.
 R - a +4 ring of protection
 W - a ring of flight (right hand)
 Y - a ring of willpower
Wands
 u - a wand of flame (54)
 v - a wand of quicksilver (13)
 x - a wand of paralysis (16)
 I - a wand of digging (6)
 J - a wand of polymorph (11)
 U - a wand of mindburst (9)
 V - a wand of roots (10)
Scrolls
 j - a scroll of butterflies {unknown}
 l - 5 scrolls of fog
 m - 3 scrolls of poison
 s - 5 scrolls of teleportation
 y - 3 scrolls of vulnerability
 z - a scroll of silence
 F - 4 scrolls of torment
 G - 4 scrolls of immolation
 L - a scroll of magic mapping
 M - a scroll of blinking
 N - 7 scrolls of amnesia
 Q - 2 scrolls of fear
Potions
 c - 4 potions of berserk rage
 f - 4 potions of lignification
 g - a potion of magic
 k - 13 potions of attraction {unknown}
 o - 2 potions of invisibility {unknown}
 q - 6 potions of brilliance
 t - 4 potions of haste
 B - 6 potions of flight
 C - 9 potions of curing
 D - 6 potions of might
 P - 3 potions of cancellation
 X - 2 potions of resistance
 Z - 2 potions of ambrosia
Miscellaneous
 p - a lightning rod (4/4)
 H - a box of beasts


   Skills:
 + Level 16.2 Fighting
 - Level 1.0 Short Blades
 - Level 18.0 Ranged Weapons
 - Level 2.0 Armour
 - Level 12.0 Dodging
 - Level 8.0 Stealth
 - Level 12.0 Shields
 - Level 4.0 Spellcasting
 - Level 6.0 Transmutations
 * Level 8.2 Earth Magic
 + Level 6.1 Invocations
 - Level 1.0 Evocations


You had 17 spell levels left.
You knew the following spells:

 Your Spells              Type           Power      Damage    Failure   Level
a - Sandblast             Erth           80%        2d17      1%          1
b - Passwall              Tmut/Erth      29%        N/A       3%          2
c - Petrify               Tmut/Erth      35%        N/A       21%         4
d - Apportation           Tloc           8%         N/A       36%         1

Your spell library contained the following spells:

 Spells                   Type           Power      Damage    Failure   Level
 Sting                    Tmut/Pois      68%        1d6       11%         1
 Necrotise                Necr           16%        1d4       36%         1
 Shock                    Conj/Air       16%        1d4       36%         1
 Slow                     Hex            16%        N/A       36%         1
 Summon Small Mammal      Summ           16%        N/A       36%         1
 Poisonous Vapours        Pois/Air       8%         N/A       50%         2
 Leda's Liquefaction      Hex/Erth       11%        N/A       56%         4
 Blade Hands              Tmut           15%        N/A       65%         5
 Call Canine Familiar     Summ           4%         N/A       73%         3
 Confusing Touch          Hex            4%         N/A       73%         3
 Ozocubu's Armour         Ice            4%         N/A       73%         3
 Portal Projectile        Hex/Tloc       8%         N/A       73%         3
 Swiftness                Air            4%         N/A       73%         3
 Tukima's Dance           Hex            4%         N/A       73%         3
 Vampiric Draining        Necr           4%         2d6       73%         3
 Vhi's Electric Charge    Tloc/Air       8%         N/A       73%         3
 Airstrike                Air            2%         2d(1-17)  98%         4
 Olgreb's Toxic Radiance  Pois           4%         N/A       98%         4
 Arcjolt                  Conj/Air       2%         1d12      100%        5
 Iskenderun's Battlesphe  Conj           4%         2d6       100%        5
 Iron Shot                Conj/Erth      11%        9d3       100%        6
 Plasma Beam              Fire/Air       2%         2x1d13    100%        6
 Ozocubu's Refrigeration  Ice            2%         4d7       100%        7
 Spellforged Servitor     Conj/Summ      2%         N/A       100%        7


Dungeon Overview and Level Annotations

Branches:
Dungeon (15/15)            Temple (0/1) D:5            Lair (5/5) D:8
 Shoals (4/4) Lair:3        Snake (1/4) Lair:2        Slime (0/5) Lair:5
    Orc (2/2) D:9             Elf (2/3) Orc:2        Vaults (0/5) D:13
 Depths (0/4) D:15          Sewer (visited)         Ossuary (visited)
  IceCv (visited)

Altars:
Ashenzari
Cheibriados
Dithmenos
Elyvilon
Gozag
Hepliaklqana
Kikubaaqudgha
Makhleb
Nemelex Xobeh
Okawaru
Qazlal
Ru
Trog
Uskayaw
Vehumet
Wu Jian
Yredelemnul
The Shining One
Jiyva

Shops:
D:1 =   D:9 [   D:13 ?   Orc:2 [*:?

Portals:
Trove: D:11 (give +6 demon blade)

Annotations:
D:4 1 runed translucent door, Frank's ghost, amateur DsFi
D:6 Edmund
D:8 exclusion: 2 doors
D:9 Harold
D:12 Snorg
Lair:1 2 transporters, NimIero's ghost, journeyman GrEE
Lair:3 1 runed translucent door, diceflayer's ghost, journeyman DsGl
Lair:5 2 runed translucent doors


Message History

Your hellwing closely misses the merfolk.
Unknown command.
Okay, then.
You feel much better. The sea snake misses you. You block the merfolk's attack.
Your hellwing hits the merfolk! x2
Unknown command.
Fire: b) +4 hand crossbow (flame)
Press: ? - help, Q - select action, (/) - cycle Shift-Dir - straight line, p - sea snake You shoot a bolt.
The sea snake barely misses you.
The merfolk hits you from afar with a +0 trident!!
* * * LOW HITPOINT WARNING * * *
Your hellwing hits the merfolk.
Your hellwing barely misses the merfolk.
The sea snake bites you.
* * * LOW HITPOINT WARNING * * *
You feel much better.
The merfolk hits you from afar with a +0 trident!
* * * LOW HITPOINT WARNING * * *
You block the sea snake's attack.
Your hellwing hits the merfolk!
Your hellwing hits the merfolk but does no damage.
Unknown command.
Fire: b) +4 hand crossbow (flame)
Press: ? - help, Q - select action, (/) - cycle Shift-Dir - straight line, f - sea snake
Aim: a sea snake (water, 70% to hit)
You shoot a bolt. The bolt hits the sea snake!
The bolt burns the sea snake.
The sea snake is lightly wounded.
The merfolk hits your hellwing with a +0 trident!
You block the sea snake's attack.
Your hellwing closely misses the merfolk.
Your hellwing misses the merfolk.
The merfolk completely misses your hellwing.
Unknown command.
Fire: b) +4 hand crossbow (flame)
Press: ? - help, Q - select action, (/) - cycle Shift-Dir - straight line, f/p - sea snake
Aim: a sea snake (water, lightly wounded, 70% to hit)
You shoot a bolt. The bolt hits the sea snake!
The bolt burns the sea snake.
The sea snake is moderately wounded.
The sea snake bites you!
You die...

#≈≈≈≈≈≈≈≈≈
#≈≈≈≈≈≈≈≈≈
#≈≈≈≈≈≈≈≈≈
#≈≈≈≈≈≈≈≈≈
#≈≈≈≈≈≈≈≈≈
#≈4≈≈≈≈≈≈≈
#≈≈m≈≈≈≈≈≈
#S≈≈≈≈≈≈≈≈
#@≈≈≈≈≈≈≈≈
#≈≈≈≈≈≈≈≈~
#≈≈≈≈≈≈≈P~
#≈≈≈≈≈≈≈~~
#≈≈≈≈≈≈≈~~
#≈≈≈≈≈≈≈P~
#≈≈≈≈≈≈≈~~
#≈≈≈≈≈≈≈≈


You could see a sea snake, a merfolk (distracted, ally target) and a friendly
hellwing (summoned).

Vanquished Creatures
  Jorgrun (Shoals:1)
  Polyphemus (Shoals:2)
  A kraken (Shoals:1)
  Kirke (Lair:4)
  Aizul (Shoals:1)
  A deep elf demonologist (Elf:1)
  3 merfolk javelineers (Shoals:4)
  A deep elf death mage (Elf:1)
  5 merfolk impalers
  A rakshasa (D:13)
  A vault guard (D:13)
  3 hydras
  4 merfolk avatars
  A centaur warrior (D:15)
  A satyr (Shoals:3)
  15 dancing weapons
  4 merfolk aquamancers
  3 boulder beetles
  2 two-headed ogres
  An alligator snapping turtle (Shoals:3)
  3 catoblepae
  A tengu warrior (D:15)
  4 orc high priests
  3 death yaks
  9 deep elf knights (Elf:1)
  5 sea snakes
  5 skysharks
  A swamp dragon (Lair:3)
  8 deep elf archers
  3 lindwurms (Lair:5)
  A bog body (IceCv)
  A wizard (D:14)
  18 deep elf pyromancers
  13 deep elf zephyrmancers
  A necromancer (IceCv)
  5 orc sorcerers
  5 harpies (Shoals:1)
  A wolf spider (D:15)
  6 orc knights (Orc:2)
  2 ugly things
  11 fauns
  8 cyclopes
  10 manticores
  Joseph (D:8)
  4 elephants
  5 black mambas
  A guardian serpent (shapeshifter) (Orc:2)
  6 merfolk sirens
  A salamander (D:15)
  2 ice statues (IceCv)
  5 torpor snails
  7 water nymphs
  2 molten gargoyles (Lair:5)
  16 cane toads
  3 kobold demonologists
  3 unseen horrors
  A gargoyle (D:12)
  12 komodo dragons
  2 rime drakes
  5 ice devils (IceCv)
  A tengu conjurer (D:15)
  2 polar bears
  A yaktaur (shapeshifter) (D:13)
  An anaconda simulacrum (IceCv)
  40 merfolk
  3 trolls
  3 meliai
  3 wind drakes
  Grinder (D:4)
  Prince Ribbit (D:7)
  11 dream sheep
  31 blink frogs
  A tyrant leech (shapeshifter) (Elf:1)
  12 snapping turtles
  5 slime creatures
  2 wraiths
  61 yaks
  12 water elementals
  A vampire (D:13)
  4 dire elephant simulacra (IceCv)
  5 wyverns
  2 basilisks
  7 hogs (Lair:4)
  2 fire elementals
  Menkaure (D:6)
  Grum (D:8)
  23 vampire mosquitoes
  4 steam dragons
  10 wargs
  2 harpy simulacra (IceCv)
  4 nagas (Lair:2)
  4 acid dragons
  3 hydra simulacra (IceCv)
  3 hell hounds (Lair:5)
  20 water moccasins
  A floating eye (Elf:1)
  3 ice beasts
  Pargi (Sewer)
  21 orc warriors
  2 black bears
  A sky beast (D:7)
  7 ogres
  27 wolves
  12 centaurs
  2 phantoms
  3 kobold brigands
  14 bullfrogs
  A two-headed ogre simulacrum (IceCv)
  2 gnoll sergeants (D:9)
  A cane toad simulacrum (IceCv)
  4 scorpions
  An earth elemental (Elf:1)
  5 water moccasin zombies (Ossuary)
  4 wights (D:8)
  7 killer bees (D:9)
  4 howler monkeys
  5 lava snakes (Lair:5)
  A jelly (D:6)
  17 orc priests
  4 hounds
  5 iguanas
  2 sleepcaps
  Jessica (D:3)
  Terence (D:3)
  18 orc wizards
  7 hell rats (Lair:4)
  2 polar bear simulacra (IceCv)
  2 mummies (Ossuary)
  10 gnolls
  8 adders
  A shadow imp (D:5)
  3 white imps
  4 adder zombies (Ossuary)
  2 worms
  2 dart slugs
  65 orcs
  5 bats
  5 endoplasms
  5 giant cockroaches
  5 gnoll zombies (Ossuary)
  6 goblins
  3 hobgoblins
  3 jackals (D:1)
  A quokka (D:3)
  5 ball pythons
  2 frilled lizards (D:1)
  2 hobgoblin zombies (Ossuary)
  22 kobolds
  6 kobold zombies (Ossuary)
  4 orc zombies (Ossuary)
  7 rats
  2 tentacles (Shoals:1)
904 creatures vanquished.

Vanquished Creatures (collateral kills)
  A merfolk javelineer (Shoals:3)
  A merfolk impaler (Shoals:3)
  A hydra (Lair:5)
  2 skysharks
  A black mamba (Lair:5)
  A cane toad (Lair:5)
  A komodo dragon (Lair:4)
  A merfolk (Shoals:4)
  A yak (Lair:4)
  A bullfrog (Lair:4)
11 creatures vanquished.

Vanquished Creatures (others)
  A deep elf knight (Elf:1)
  A deep elf pyromancer (Elf:1)
  A manticore (Shoals:4)
  A kobold brigand (D:13)
  An orc (Orc:1)
  A bush (Lair:5)
  30 fungi
  266 plants
  35 tentacles (Shoals:1)
  3 toadstools (D:2)
340 creatures vanquished.

Grand Total: 1255 creatures vanquished

Notes
Turn   | Place    | Note
-------+----------+-------------------------------------------
     0 | D:1      | Maffolandro the Human Wanderer began the quest for the Orb.
     0 | D:1      | Maffolandro set off with the following items: a +0 short
                  | sword, a +0 buckler, a potion of berserk rage, a +0 robe;
                  | and the following spell memorised: Sandblast; and the
                  | following spells available to memorise: Passwall, Petrify.
     0 | D:1      | Reached XP level 1. HP: 13/13 MP: 2/2
   143 | D:1      | Found Hoipnore's Jewellery Boutique.
   156 | D:1      | Reached XP level 2. HP: 19/19 MP: 0/3
   159 | D:1      | Learned a level 2 spell: Passwall
  1077 | D:1      | Reached XP level 3. HP: 24/24 MP: 3/5
  1350 | D:2      | Reached skill level 5 in Earth Magic
  1350 | D:2      | Reached XP level 4. HP: 29/30 MP: 0/7
  1355 | D:2      | Learned a level 4 spell: Petrify
  1747 | D:2      | Reached XP level 5. HP: 35/35 MP: 6/8
  2368 | D:3      | Noticed Jessica
  2370 | D:3      | Killed Jessica
  2499 | D:3      | Found a faded altar of an unknown god.
  2642 | D:3      | Identified the ring of Umupsiann {rElec Str-4 Int+2 Dex+6
                  | Slay+3}
  3043 | D:3      | Reached XP level 6. HP: 41/41 MP: 4/9
  3047 | D:3      | Noticed Terence
  3301 | D:4      | Found a runed translucent door.
  3532 | D:4      | Found a burning altar of Makhleb.
  3611 | D:4      | Noticed Grinder
  3624 | D:4      | Killed Grinder
  3625 | D:4      | Reached XP level 7. HP: 46/46 MP: 10/10
  3629 | D:4      | Noticed Frank's ghost (amateur DsFi)
  3641 | D:4      | Reached skill level 1 in Fighting
  3789 | D:4      | Became a worshipper of Makhleb the Destroyer
  4205 | D:5      | Entered Level 5 of the Dungeon
  4219 | D:5      | Found a glowing drain.
  4352 | Sewer    | Entered a sewer
  4472 | Sewer    | Noticed Pargi
  4477 | Sewer    | Killed Pargi
  4478 | Sewer    | Reached XP level 8. HP: 37/60 MP: 5/11
  4625 | D:5      | Reached skill level 1 in Dodging
  4664 | D:5      | Found a stormy altar of Qazlal.
  4766 | D:5      | Found an iron altar of Okawaru.
  4887 | D:5      | Found a staircase to the Ecumenical Temple.
  4978 | D:5      | Reached skill level 5 in Stealth
  5409 | D:6      | Reached * piety under Makhleb
  5473 | D:6      | Reached XP level 9. HP: 65/65 MP: 10/12
  5848 | D:6      | Noticed Edmund
  5967 | D:6      | Noticed Menkaure
  5970 | D:6      | Killed Menkaure
  6320 | D:7      | Noticed Prince Ribbit
  6320 | D:7      | Found a radiant altar of Vehumet.
  6636 | D:7      | Found a sand-covered staircase.
  6642 | Ossuary  | Entered an ossuary
  6702 | Ossuary  | Reached skill level 5 in Dodging
  6703 | Ossuary  | Reached ** piety under Makhleb
  6726 | Ossuary  | Reached skill level 1 in Ranged Weapons
  6766 | Ossuary  | Reached skill level 2 in Ranged Weapons
  7008 | D:7      | Reached skill level 3 in Ranged Weapons
  7037 | D:7      | Reached XP level 10. HP: 71/71 MP: 11/13
  7246 | D:7      | Killed Prince Ribbit
  7247 | D:7      | Reached skill level 4 in Ranged Weapons
  7305 | D:7      | Reached skill level 5 in Ranged Weapons
  7546 | D:3      | Killed Terence
  7601 | D:1      | Bought a +4 ring of protection for 504 gold pieces
  7722 | D:8      | Noticed Joseph
  7766 | D:8      | Learned a level 1 spell: Apportation
  7775 | D:8      | Identified a scroll of acquirement
  7776 | D:8      | Acquired a +2 kite shield of reflection
  7863 | D:8      | Found an ancient bone altar of Kikubaaqudgha.
  7863 | D:8      | Found a hazy altar of Hepliaklqana.
  7863 | D:8      | Found a sacrificial altar of Ru.
  7922 | D:8      | Noticed Grum
  7966 | D:7      | Reached *** piety under Makhleb
  8206 | D:7      | Reached skill level 6 in Ranged Weapons
  8310 | D:8      | Killed Grum
  8516 | D:8      | Found a staircase to the Lair.
  8517 | D:8      | Noticed a komodo dragon
  8782 | D:8      | Found a sparkling altar of Nemelex Xobeh.
  8783 | D:8      | Found an opulent altar of Gozag.
  8881 | D:8      | Found a white marble altar of Elyvilon.
  9100 | D:8      | Reached skill level 7 in Ranged Weapons
  9154 | D:8      | Found a bloodstained altar of Trog.
  9156 | D:8      | Found a hide-covered altar of Uskayaw.
  9404 | D:8      | Reached skill level 5 in Fighting
  9610 | D:9      | Reached XP level 11. HP: 79/79 MP: 14/14
  9614 | D:9      | Found a staircase to the Orcish Mines.
  9616 | D:9      | Found Jiota's Armour Shoppe.
 10011 | D:9      | Reached **** piety under Makhleb
 10020 | D:9      | Noticed Harold
 10159 | D:9      | Reached skill level 8 in Ranged Weapons
 10269 | D:9      | Reached skill level 9 in Ranged Weapons
 11279 | D:8      | Killed Joseph
 11402 | D:10     | Entered Level 10 of the Dungeon
 11657 | D:10     | Noticed a two-headed ogre
 11666 | D:10     | Killed a two-headed ogre
 11713 | D:10     | Found an ornate altar of the Wu Jian Council.
 11729 | D:10     | Reached skill level 10 in Ranged Weapons
 12054 | D:10     | Found a basalt altar of Yredelemnul.
 12057 | D:10     | Found a shadowy altar of Dithmenos.
 12205 | D:11     | Noticed a cyclops
 12224 | D:11     | Killed a cyclops
 12225 | D:11     | Reached XP level 12. HP: 46/91 MP: 15/15
 12278 | D:11     | Found a portal to a secret trove of treasure.
 12809 | D:11     | Reached ***** piety under Makhleb
 13047 | D:11     | Noticed a two-headed ogre
 13055 | D:11     | Killed a two-headed ogre
 13056 | D:11     | Reached skill level 5 in Shields
 13153 | D:12     | Noticed Snorg
 13218 | D:11     | Reached skill level 11 in Ranged Weapons
 13522 | D:12     | Identified the +5 short sword of Fury {holy, rC+ Int+3}
 14303 | Lair:1   | Entered Level 1 of the Lair of Beasts
 14363 | Lair:1   | Found a transporter.
 14371 | Lair:1   | Noticed NimIero's ghost (journeyman GrEE)
 14524 | Lair:1   | Found a transporter.
 14609 | Lair:1   | Reached skill level 12 in Ranged Weapons
 14778 | Lair:1   | Reached XP level 13. HP: 94/98 MP: 16/16
 15283 | Lair:2   | Noticed a catoblepas
 15298 | Lair:2   | Killed a catoblepas
 15387 | Lair:2   | Reached skill level 13 in Ranged Weapons
 15670 | Lair:2   | Found a staircase to the Snake Pit.
 15725 | Lair:2   | You fall into a shaft and drop 2 floors!
 15725 | Lair:4   | Noticed Kirke
 15731 | Lair:4   | Killed Kirke
 15732 | Lair:4   | Reached skill level 14 in Ranged Weapons
 16132 | Lair:3   | Noticed a five-headed hydra
 16286 | Lair:2   | Reached skill level 1 in Transmutations
 16825 | Lair:2   | Reached XP level 14. HP: 93/106 MP: 20/20
 16952 | Lair:3   | Found a staircase to the Shoals.
 17004 | Lair:3   | Found a runed translucent door.
 17007 | Lair:3   | Noticed diceflayer's ghost (journeyman DsGl)
 18085 | Lair:4   | Reached ****** piety under Makhleb
 18125 | Lair:4   | Reached skill level 5 in Transmutations
 18278 | Lair:4   | Found a snail-covered altar of Cheibriados.
 18573 | Lair:4   | Reached skill level 10 in Fighting
 19258 | Lair:5   | Entered Level 5 of the Lair of Beasts
 20286 | Lair:5   | Reached XP level 15. HP: 78/120 MP: 21/21
 20495 | Lair:5   | HP: 3/122 [six-headed hydra (10)]
 20495 | Lair:5   | HP: 1/122 [six-headed hydra (2)]
 20656 | Lair:5   | Found a viscous altar of Jiyva.
 20657 | Lair:5   | Found a staircase to the Slime Pits.
 20754 | Lair:5   | Found a large runed translucent door.
 21023 | Lair:5   | Found a large runed translucent door.
 21595 | D:13     | Found a frozen archway.
 21623 | IceCv    | Entered an ice cave
 22372 | IceCv    | Found the +8 frozen axe "Frostbite" {freeze, freezing
                  | cloud, *Noise Fly rC+}
 22467 | IceCv    | Reached skill level 10 in Shields
 22651 | D:13     | Found Qiggoschyol's Magic Scroll Shoppe.
 22681 | D:13     | Identified the +2 falchion "Losselut" {freeze, Dex+4}
 22729 | D:13     | Found a glowing golden altar of the Shining One.
 22788 | D:13     | Found a gate to the Vaults.
 24457 | D:15     | Entered Level 15 of the Dungeon
 24584 | D:15     | Found a broken altar of Ashenzari.
 25036 | D:15     | Found a bloodstained altar of Trog.
 25337 | D:15     | Found a staircase to the Depths.
 25647 | Orc:1    | Entered Level 1 of the Orcish Mines
 25812 | Orc:2    | Entered Level 2 of the Orcish Mines
 25821 | Orc:1    | Reached XP level 16. HP: 134/134 MP: 22/22
 25955 | Orc:2    | Found a staircase to the Elven Halls.
 26480 | Orc:2    | Found Ymer's Magic Scroll Shop.
 26483 | Orc:2    | Found Ekhligias's Book Emporium.
 26553 | Orc:2    | Found Otelioro's Antique Armour Shop.
 26554 | Orc:2    | Found Hebikaitz's General Store.
 26561 | Orc:2    | Bought a scroll of amnesia for 68 gold pieces
 26561 | Orc:2    | Bought a scroll of magic mapping for 127 gold pieces
 27453 | Shoals:1 | Entered Level 1 of the Shoals
 27526 | Shoals:1 | Reached skill level 15 in Fighting
 27711 | Shoals:1 | Noticed Aizul
 27724 | Shoals:1 | HP: 2/136 [Aizul/bolt of poison (41)]
 27889 | Snake:1  | Entered Level 1 of the Snake Pit
 28090 | Elf:1    | Entered Level 1 of the Elven Halls
 28542 | Elf:1    | Reached skill level 15 in Ranged Weapons
 28917 | Elf:1    | You fall into a shaft and drop 1 floor!
 29171 | Elf:2    | Reached XP level 17. HP: 127/142 MP: 23/23
 29410 | Elf:1    | Reached skill level 16 in Ranged Weapons
 29413 | Elf:1    | Reached skill level 10 in Dodging
 30373 | Shoals:1 | Killed Aizul
 30383 | Shoals:1 | HP: 7/144 [poisoned by Aizul (bolt of poison)]
 30389 | Shoals:1 | HP: 7/144 [poisoned by Aizul (bolt of poison)]
 30988 | Shoals:1 | Noticed a kraken
 31046 | Shoals:1 | Killed a kraken
 31314 | Shoals:1 | Noticed Jorgrun
 31449 | Shoals:1 | Killed Jorgrun
 31450 | Shoals:1 | Reached skill level 1 in Invocations
 31946 | Shoals:2 | Reached skill level 17 in Ranged Weapons
 32302 | Shoals:2 | Noticed Polyphemus
 32372 | Shoals:2 | Killed Polyphemus
 32857 | Shoals:3 | Found an iron altar of Okawaru.
 32895 | Shoals:3 | Reached XP level 18. HP: 151/151 MP: 24/24
 34112 | Shoals:4 | Entered Level 4 of the Shoals
 35521 | Shoals:4 | Reached skill level 5 in Invocations
 35608 | Shoals:4 | Reached skill level 18 in Ranged Weapons
 35650 | Shoals:4 | Got a barnacled rune of Zot
 36121 | Shoals:4 | HP: 6/151 [merfolk/+0 trident (21)]
 36121 | Shoals:4 | HP: 1/151 [sea snake (5)]
 36124 | Shoals:4 | Slain by a sea snake

Illustrated notes

Levels and vault maps discovered:
D:1:      minmay_arrival_jagged, layout_loops_cross, serial_shops,
          nicolae_shop_gaudy_bauble
D:2:      layout_basic, minmay_gold_behind_fungi
D:3:      layout_basic, shapermc_ecumenical_altar_mp_highgroup, uniq_jessica,
          uniq_terence
D:4:      layout_loops_ring, mainiacjoe_overflow_tiny_flanked,
          gammafunk_ghost_grave, uniq_grinder
D:5:      layout_gridville, okawaru_trees_2, nicolae_qazlal_general_emergency,
          minmay_temple_entry_enclosed_plants, gup_sewer_entry_glass, hex_medium
D:6:      nicolae_BIG_FREAKIN_CUBE, layout_loops_ring, uniq_edmund,
          uniq_menkaure
D:7:      layout_basic, amcnicky_altar_gilded, enter_ossuary_1,
          grunt_ministairs_15, kennysheep_generic_room_13, uniq_prince_ribbit1
D:8:      layout_gridville, nicolae_elyvilon_temple_path,
          grunt_temple_overflow_open, david_lair_shrubbed, enter_bailey_6,
          uniq_joseph, uniq_grum
D:9:      layout_layer_cave, orc_david_3, kennysheep_generic_room_5, uniq_harold
D:10:     layout_loops_cross, general_overflow_altar,
          mainiacjoe_overflow_small_starburst, grunt_dithmenos_smoke
D:11:     layout_basic, enter_trove_1, feat_on_display
D:12:     layout_basic, uniq_snorg
D:13:     layout_gridville, david_vaults_5, serial_shops,
          nicolae_shop_statue_plus, portal_ice_cave_entry_pillars_1,
          amethyst_killhole, nicolae_tso_carved_into_rock
D:14:     layout_rooms, kennysheep_cluttered_room
D:15:     hangedman_depths_entry_try_elsewhere_first, layout_loops_ring,
          trog_three_pillars_becter, nicolae_ashenzari_panopticon
Lair:1:   layout_hall_layers, gammafunk_ghost_berserking_beasts,
          serial_bayou_shore_b, lemuel_fruit_fields
Lair:2:   wander_river, layout_gridlike, guppyfry_snake_entry_garden
Lair:3:   layout_chaotic_city, elwin_shoals_entry_stream,
          ebering_ghost_inner_flame, pond
Lair:4:   nzn_winding_woodlands_medium [nzn_winding_woodlands_5x5_cross,
          nzn_winding_woodlands_5x15_river_crossing,
          nzn_winding_woodlands_5x5_open_star,
          nzn_winding_woodlands_5x5_checkerboard,
          nzn_winding_woodlands_center_garden, nzn_winding_woodlands_hourglass,
          nzn_winding_woodlands_5x5_default,
          nzn_winding_woodlands_5x15_sidewinder,
          nzn_winding_woodlands_5x5_default], layout_small_grid,
          kennysheep_snail_temple, uniq_kirke
Lair:5:   cheibrodos_lair_end_hotspot, layout_concentric_octagons,
          dpeg_slime_entry_enclosed, serial_forest,
          infiniplex_forest_clump_cross, infiniplex_forest_straight_3,
          infiniplex_forest_zigzag_1, infiniplex_forest_lined_3,
          infiniplex_forest_join, infiniplex_forest_lined_1,
          infiniplex_forest_lined_3, infiniplex_forest_lined_4_way,
          nicolae_lair_lindhole
Shoals:1: layout_shoals, uniq_aizul, uniq_jorgrun
Shoals:2: layout_shoals, uniq_polyphemus
Shoals:3: layout_shoals, lemuel_centaur_altar
Shoals:4: shoals_end_simple, layout_shoals, ebering_ghost_reflecting_pool
Snake:1:  layout_chambers, drop_trap, grunt_megastairs_4, minmay_shop_star
Orc:1:    layout_caves
Orc:2:    st_orc_elflike, layout_diamond_mine, basic_altar, mines5_lemuel
Elf:1:    eino_elf_arrival_the_gate, layout_geoelf_diagonals,
          hangedman_elven_crosses_minicolossus, onia_ninara_cookie
Elf:2:    elven_hall_of_blades_hangedman_original [nicolae_blade_little_rooms],
          layout_onion_city, uniq_louise

Skill      XL: |  1  2  3  4  5  6  7  8  9 10 11 12 13 14 15 16 17 18 |
---------------+-------------------------------------------------------+-----
Spellcasting   | 2 4 |  4.0
Earth Magic    | 5 6 7 8 |  8.2
Fighting       | 4 5 7 8 12 14 15 16 | 16.2
Stealth        | 5 8 |  8.0
Dodging        | 2 5 7 8 9 11 12 | 12.0
Ranged Weapons | 3 7 10 12 14 15 17 18 | 18.0
Shields        | 3 6 8 11 12 | 12.0
Transmutations | 2 6 |  6.0
Invocations    | 3 6 |  6.1
Short Blades   | |  1.0
Armour         | |  2.0
Evocations     | |  1.0

Action                     |  1- 3 |  4- 6 |  7- 9 | 10-12 | 13-15 | 16-18 || total
---------------------------+-------+-------+-------+-------+-------+-------++-------
  Melee: Short sword       |     3 |       |     1 |       |       |       ||     4
         Morningstar       |       |     3 |       |       |       |       ||     3
         Dagger            |       |       |       |       |    59 |       ||    59
   Fire: Sling             |       |    43 |    40 |   406 |  1883 |   389 ||  2761
         Hand crossbow     |       |       |   107 |   270 |       |   930 ||  1307
   Cast: Sandblast         |    37 |    64 |   132 |    19 |       |       ||   252
         Apportation       |       |       |       |     4 |     3 |       ||     7
         Passwall          |       |       |       |     1 |     2 |       ||     3
 Invoke: Lesser Servant of |       |       |       |       |     3 |    16 ||    19
  Evoke: Wand              |       |     3 |     1 |       |     4 |       ||     8
         Lightning rod     |       |       |       |     4 |       |       ||     4
    Use: Scroll            |       |       |     9 |     7 |    11 |    14 ||    41
         Potion            |       |       |       |       |     3 |     5 ||     8
   Stab: Paralysed         |       |     3 |     1 |       |     3 |       ||     7
         Sleeping          |       |       |       |       |     2 |       ||     2
 Armour: Robe              |     2 |     3 |    32 |    66 |       |    84 ||   187
         Acid dragon scale |       |       |       |    14 |   271 |    16 ||   301
  Dodge: Dodged            |     8 |     7 |    98 |   264 |   488 |   327 ||  1192
  Block: Buckler           |       |     3 |    32 |    55 |       |       ||    90
         Kite shield       |       |       |       |   147 |  1082 |   659 ||  1888
         Reflection        |       |       |       |    15 |    26 |   107 ||   148
